Map: Kairos Junction LE

Players

LiquidTLO (TLO) - Winner!

  • Race: Zerg Zerg
  • League: Grandmaster
  • Spawn Location: 11:00

RlSky (RiSky)

  • Race: Zerg Zerg
  • League: Master
  • Spawn Location: 5:00

Event: HomeStory Cup XIX

VOD

Have the link to the VOD?

Description

Time

  • Played on: June 27, 2019, 12:03 p.m.
  • Length: 6:32

All games in this series

Show
View Real Time Build Order
Export as new Build Order

LiquidTLO Zerg - Winner!

Build Orders: Pool First 

Get SALT Encoding   

  12  0:17  Spawning Pool  
  11  0:21  Drone  
  11  0:26  Drone  
  13  0:31  Drone  
  14  0:39  Overlord  
  14  1:04  Zergling x6  
  17  1:15  Zergling x2  
  17  1:18  Hatchery  
  17  1:26  Zergling x2  
  18  1:33  Queen  
  20  1:40  Overlord  
  20  1:49  Drone  
  21  2:05  Drone  
  22  2:08  Queen  
  22  2:09  Drone  
  25  2:28  Overlord  
  25  2:32  Queen  
  25  2:33  Drone x2  
  29  2:40  Drone  
  29  2:41  Drone  
  29  2:42  Drone  
  32  2:44  Drone  
  32  2:47  Drone  
  34  2:52  Drone  
  34  2:54  Drone  
  36  3:02  Extractor, Drone  
  36  3:03  Extractor, Drone  
  36  3:13  Drone x2  
  36  3:14  Overlord, Drone  
  36  3:17  Drone  
  36  3:19  Drone  
  41  3:21  Drone  
  41  3:24  Drone  
  41  3:26  Drone  
  44  3:30  Overlord  
  44  3:37  Drone x2  
  44  3:49  Lair  
  44  3:50  Drone  
  44  3:52  Drone  
  44  3:53  Drone x2  
  44  3:54  Evolution Chamber, Drone  
  48  3:56  Drone  
  48  3:57  Drone  
  49  4:07  Roach Warren, Drone  
  47  4:10  Drone  
  47  4:13  Extractor  
  47  4:15  Evolution Chamber  
  46  4:18  Drone  
  46  4:19  Zerg Missile Weapons Level 1  
  46  4:20  Drone  
  48  4:27  Drone  
  48  4:29  Drone x2  
  51  4:31  Drone x2  
  51  4:33  Overlord, Extractor  
  52  4:39  Overlord  
  52  4:43  Overlord  
  52  4:44  Overlord  
  52  4:46  Glial Reconstitution  
  52  4:49  Roach  
  54  4:54  Nydus Network  
  54  4:56  Roach  
  55  5:00  Roach  
  55  5:02  Roach  
  55  5:04  Roach  
  61  5:07  Roach  
  61  5:08  Roach  
  61  5:12  Roach  
  67  5:15  Overlord, Roach  
  67  5:19  Overlord  
  69  5:22  Roach  
  69  5:24  Roach  
  73  5:30  Nydus Canal  
  73  5:31  Roach  
  73  5:34  Roach x2  
  79  5:38  Roach  
  79  5:41  Roach  
  79  5:42  Roach  
  85  5:44  Roach  
  85  5:45  Nydus Canal  
  85  5:48  Roach  
  89  5:52  Roach x2  
  89  5:55  Roach  
  95  5:59  Roach  
  95  6:01  Roach  
  99  6:10  Hatchery  
  98  6:17  Nydus Canal  
Show
View Real Time Build Order
Export as new Build Order

RlSky Zerg 

Build Orders: Pool First 

Get SALT Encoding   

  12  0:17  Spawning Pool  
  11  0:21  Drone  
  11  0:26  Drone  
  13  0:30  Drone  
  14  0:39  Overlord  
  14  1:03  Zergling x4  
  16  1:04  Zergling x2  
  17  1:15  Zergling x2  
  17  1:17  Hatchery  
  17  1:26  Zergling x2  
  18  1:33  Queen  
  18  1:38  Extractor  
  19  1:41  Drone  
  20  1:49  Overlord  
  20  1:58  Drone  
  21  2:08  Queen  
  21  2:11  Drone  
  23  2:20  Drone  
  25  2:30  Drone  
  25  2:31  Drone  
  26  2:39  Metabolic Boost  
  26  2:41  Drone  
  26  2:42  Drone  
  28  2:47  Drone  
  28  2:50  Drone  
  30  2:55  Overlord  
  30  3:00  Drone  
  30  3:03  Drone  
  30  3:05  Zergling x2  
  33  3:14  Drone x3  
  33  3:18  Drone  
  33  3:19  Drone  
  38  3:21  Drone  
  38  3:24  Overlord  
  39  3:28  Drone  
  39  3:29  Drone  
  39  3:32  Drone  
  42  3:38  Drone  
  43  3:48  Hatchery  
  41  3:49  Zergling x2  
  41  3:50  Zergling x2  
  41  3:51  Zergling x2  
  44  3:56  Zergling x2  
  44  3:57  Evolution Chamber  
  44  3:58  Zergling x2  
  44  3:59  Zergling x2  
  44  4:02  Overlord  
  46  4:07  Drone  
  46  4:08  Drone  
  48  4:10  Drone  
  48  4:12  Drone  
  51  4:17  Drone  
  51  4:19  Drone  
  51  4:23  Zerg Missile Weapons Level 1, Drone  
  53  4:25  Drone x4  
  53  4:28  Extractor  
  56  4:32  Drone  
  56  4:35  Roach Warren, Drone  
  56  4:36  Extractor  
  56  4:39  Drone  
  56  4:45  Queen  
  59  4:47  Drone  
  59  4:50  Overlord  
  60  4:59  Overlord  
  60  5:00  Lair  
  60  5:01  Drone x2  
  60  5:02  Drone x3  
  60  5:06  Overlord  
  65  5:11  Overlord  
  64  5:15  Overlord  
  64  5:17  Drone  
  64  5:20  Extractor  
  64  5:26  Roach x3  
  70  5:31  Overlord  
  70  5:33  Roach x3  
  70  5:34  Roach  
  78  5:37  Roach  
  80  5:45  Roach  
  80  5:46  Roach  
  80  5:48  Roach  
  85  5:54  Roach  
  85  5:56  Roach  
  85  5:57  Roach x2  
  89  5:59  Roach x2  
  93  6:04  Roach x3  
  101  6:11  Roach x2  
Tags
 
Add a new tag
Caveats
  • Supply blocks, unpowered buildings, or Contaminate may cause inaccurate times.
  • Supply counts are checked every 10 seconds.